 Dungeon Crawl Stone Soup version 0.30-a0-883-g5ad918d77d (webtiles) character file.

Game seed: 3689791492517478958

16644 Sanktem7 the Severer (level 12, -10/110 HPs)
             Began as a Minotaur Fighter on Mar 16, 2023.
             Was a High Priest of Okawaru.
             Mangled by a death knight
             ... wielding a +4 glaive
              (21 damage)
             ... on level 13 of the Dungeon.
             The game lasted 00:18:33 (10781 turns).

Sanktem7 the Severer (Minotaur Fighter)            Turns: 10781, Time: 00:18:33

Health: -10/110    AC: 18    Str: 26    XL:     12   Next: 11%
Magic:  11/11      EV: 11    Int:  3    God:    Okawaru [*****.]
Gold:   663        SH: 15    Dex: 10    Spells: 11/11 levels left

rFire   + + +      SeeInvis .    w - +7 hand axe of Famine {flame, Fly rF++ Int-2}
rCold   . . .      Faith    .    v - +0 tower shield
rNeg    . . .      Spirit   .    C - +3 chain mail {rF+}
rPois   +          Reflect  .    (helmet restricted)
rElec   .          Rampage  .    (no cloak)
rCorr   .                        f - +2 pair of gloves
Will    .....                    (no boots) Stlth
                                 E - amulet of the acrobat
HPRegen 0.38/turn                z - +5 ring of evasion
MPRegen 0.12/turn                y - ring of poison resistance

@: flying
A: horns 2, retaliatory headbutt
a: Renounce Religion, Heroism, Finesse, Duel


You were on level 13 of the Dungeon.
You worshipped Okawaru.
Okawaru was extremely pleased with you.
You visited 2 branches of the dungeon, and saw 14 of its levels.
You also visited: Bailey.

You collected 663 gold pieces.

Inventory:

Hand Weapons
 a - a +1 war axe
 w - the +7 hand axe of Famine (weapon) {flame, Fly rF++ Int-2}
   (You found it on level 4 of the Dungeon)

   Int:       It affects your intelligence (-2).
   rF:        It greatly protects you from fire.
   Fly:       It grants you flight.
Armour
 f - a +2 pair of gloves (worn)
 v - a +0 tower shield (worn)
 C - a +3 chain mail of fire resistance (worn)
Jewellery
 y - a ring of poison resistance (right hand)
 z - a +5 ring of evasion (left hand)
 E - an amulet of the acrobat (around neck)
Wands
 c - a wand of flame (32)
 n - a wand of polymorph (12)
 p - a wand of charming (13)
 q - a wand of iceblast (5)
 I - a wand of light (1)
 J - a wand of digging (2)
Scrolls
 e - 4 scrolls of blinking
 g - 7 scrolls of teleportation
 k - 4 scrolls of magic mapping
 l - 8 scrolls of identify
 m - 3 scrolls of fog
 D - 5 scrolls of amnesia
 F - a scroll of fear
 G - 2 scrolls of enchant weapon
Potions
 b - a potion of ambrosia {unknown}
 d - 6 potions of might
 h - a potion of degeneration
 i - 2 potions of brilliance
 j - a potion of berserk rage
 o - a potion of cancellation {unknown}
 r - a potion of haste {unknown}
 s - 6 potions of curing {unknown}
 t - a potion of attraction {unknown}
 u - a potion of flight {unknown}
 x - a potion of invisibility {unknown}
 A - a potion of heal wounds {unknown}
 B - 3 potions of mutation {unknown}


   Skills:
 + Level 11.4 Fighting
 * Level 15.0 Axes
 + Level 11.3 Armour
 + Level 11.3 Shields


You had 11 spell levels left.
You didn't know any spells.
Your spell library contained the following spells:

 Spells                   Type           Power      Damage    Failure   Level
 Cigotuvi's Dreadful Rot  Necr/Pois/Air  0%         N/A       100%        2
 Poisonous Vapours        Pois/Air       0%         N/A       100%        2
 Inner Flame              Hex/Fire       0%         N/A       100%        3
 Mephitic Cloud           Conj/Pois/Air  0%         N/A       100%        3
 Vhi's Electric Charge    Tloc/Air       0%         N/A       100%        3
 Cause Fear               Hex            0%         N/A       100%        4
 Leda's Liquefaction      Hex/Erth       0%         N/A       100%        4
 Arcjolt                  Conj/Air       0%         1d10      100%        5
 Lee's Rapid Deconstruct  Erth           0%         3d4*      100%        5
 Statue Form              Tmut/Erth      0%         N/A       100%        6
 Discord                  Hex            0%         N/A       100%        8
 Maxwell's Capacitive Co  Air            0%         ∞         100%        8


Dungeon Overview and Level Annotations

Branches:
Dungeon (13/15)            Temple (1/1) D:6            Lair (0/5) D:9
    Orc (0/2) D:9          Bailey (visited)
 Vaults: D:13-14

Altars:
Ashenzari
Cheibriados
Dithmenos
Elyvilon
Fedhas
Gozag
Hepliaklqana
Kikubaaqudgha
Makhleb
Nemelex Xobeh
Okawaru
Qazlal
Ru
Sif Muna
Trog
Uskayaw
Vehumet
Wu Jian
Xom
Yredelemnul
Zin
The Shining One

Shops:
D:6 :   D:9 =

Portals:
Abyss: D:10

Annotations:
D:10 2 transporters, relicbr's ghost, journeyman SpDe


Innate Abilities, Weirdness & Mutations

You have a pair of horns on your head.
You reflexively headbutt those who attack you in melee.


Message History

The death knight calls down the wrath of Yredelemnul upon you.
You struggle to resist.
You closely miss the death knight.
The death knight offers itself to Yredelemnul, and fills with unholy energy.
You hit the death knight but do no damage.
You headbutt the death knight, but do no damage.
You block the death knight's attack.
You hit the death knight. You burn the death knight.
The death knight is lightly wounded.
The death knight reflects your damage back at you!
You hit the death knight but do no damage.
The death knight is lightly wounded.
The death knight hits you with a +4 glaive!!
You hit the death knight. You burn the death knight.
The death knight is moderately wounded.
The death knight reflects your damage back at you!
The death knight barely misses you.
You slash the death knight! You burn the death knight.
Your headbutt misses the death knight.
The death knight is moderately wounded.
The death knight reflects your damage back at you!
The death knight invokes the aid of Yredelemnul against you.
Your body is wracked with pain!
You slash the death knight! You burn the death knight.
You headbutt the death knight, but do no damage.
The death knight is severely wounded.
The death knight reflects your damage back at you!
* * * LOW HITPOINT WARNING * * *
The death knight closely misses you.
You slash the death knight! You burn the death knight.
The death knight is almost dead.
The death knight reflects your damage back at you!
* * * LOW HITPOINT WARNING * * *
The death knight closely misses you.
You slash the death knight! You burn the death knight.
The death knight is almost dead.
The death knight reflects your damage back at you!
* * * LOW HITPOINT WARNING * * *
The death knight hits you with a +4 glaive!!
You die...

.#######...#.#
...........#.#
.#####...#.#
#.###.# #.# .#
#.# .# #.#
#.#####.##..#
#..WWp@.....#
#######.###...#
#.# .. #.# #.#
#.# #.. ##


You could see a death knight (reflects damage), a freezing wraith and a wraith.

Vanquished Creatures
  7 slime creatures
  Fannar (D:12)
  A two-headed ogre (D:9)
  A centaur warrior (D:11)
  A boulder beetle (D:11)
  Urug (D:10)
  2 deep elf pyromancers (D:12)
  Pikel (D:4)
  Maurice (D:12)
  A gargoyle (Bailey)
  A rime drake (D:9)
  2 trolls
  A hornet (D:9)
  2 wraiths
  A shadow (D:10)
  A vampire (Bailey)
  26 yaks
  A basilisk (D:11)
  3 acid dragons
  A black bear (D:4)
  3 orc warriors
  9 ice beasts
  A sky beast (shapeshifter) (D:9)
  A sky beast (D:8)
  An ogre (D:5)
  2 wolves (D:9)
  6 centaurs
  4 kobold brigands
  2 bullfrogs (D:9)
  Blork the orc (D:4)
  A gnoll sergeant (D:8)
  2 scorpions
  5 wights (D:6)
  6 vampire bats (Bailey)
  9 wolf zombies (Bailey)
  5 howler monkeys
  2 orc priests
  2 hounds
  A gnoll bouda (D:8)
  Ijyb (D:3)
  8 iguanas
  4 orc wizards
  10 gnolls
  7 adders
  A white imp (D:3)
  2 ufetubi
  2 worms
  A dart slug (D:1)
  9 orcs
  2 endoplasms
  17 goblins
  6 hobgoblins
  7 jackals
  7 quokkas
  5 ball pythons
  3 bats
  3 frilled lizards
  25 kobolds
  18 orc zombies (Bailey)
  7 rats
264 creatures vanquished.

Vanquished Creatures (others)
  6 plants (D:9)
6 creatures vanquished.

Grand Total: 270 creatures vanquished

Notes
Turn   | Place    | Note
-------+----------+-------------------------------------------
     0 | D:1      | Sanktem7 the Minotaur Fighter began the quest for the Orb.
     0 | D:1      | Reached XP level 1. HP: 19/19 MP: 0/0
    49 | D:1      | Reached XP level 2. HP: 27/27 MP: 1/1
   147 | D:1      | Reached skill level 3 in Axes
   710 | D:1      | Found a faded altar of an unknown god.
   919 | D:2      | Found a bloodstained altar of Trog.
   981 | D:2      | Reached XP level 3. HP: 31/33 MP: 2/2
  1942 | D:3      | Reached XP level 4. HP: 40/40 MP: 3/3
  1958 | D:3      | Identified the +1 robe of Vlad {Int+4}
  1999 | D:3      | Reached skill level 4 in Axes
  2083 | D:3      | Noticed Ijyb
  2089 | D:3      | Killed Ijyb
  2090 | D:3      | Reached XP level 5. HP: 47/47 MP: 4/4
  2486 | D:4      | Noticed a black bear
  2496 | D:4      | Killed a black bear
  2497 | D:4      | Reached skill level 5 in Axes
  2585 | D:4      | Identified the +7 hand axe of Famine {flame, Fly rF++
                  | Int-2}
  2658 | D:4      | Noticed Pikel
  2658 | D:4      | Noticed a lemure
  2659 | D:4      | Noticed a lemure
  2659 | D:4      | Noticed a lemure
  2659 | D:4      | Noticed a lemure
  2673 | D:4      | Killed Pikel
  2674 | D:4      | Reached skill level 5 in Fighting
  2674 | D:4      | Reached skill level 6 in Axes
  2674 | D:4      | Reached skill level 5 in Armour
  2674 | D:4      | Reached skill level 5 in Shields
  2674 | D:4      | Reached XP level 6. HP: 9/57 MP: 5/5
  2674 | D:4      | Reached XP level 7. HP: 10/62 MP: 6/6
  2977 | D:4      | Found a broken altar of Ashenzari.
  2980 | D:4      | Found a shimmering blue altar of Sif Muna.
  2981 | D:4      | Noticed Blork the orc
  2986 | D:4      | Killed Blork the orc
  3410 | D:5      | Entered Level 5 of the Dungeon
  3417 | D:5      | Reached skill level 7 in Axes
  3730 | D:5      | Reached XP level 8. HP: 69/70 MP: 7/7
  3998 | D:6      | Found Podubog's Vocational Training.
  4020 | D:6      | Reached skill level 8 in Axes
  4103 | D:6      | Found a basalt altar of Yredelemnul.
  4107 | D:6      | Found a staircase to the Ecumenical Temple.
  4120 | D:6      | Reached skill level 9 in Axes
  4124 | Temple   | Entered the Ecumenical Temple
  4327 | D:6      | Reached XP level 9. HP: 79/79 MP: 8/8
  4495 | D:6      | Identified the +0 plate armour "Ucaod" {Fly Slay+2 SInv}
  5132 | D:7      | Found a flagged portal.
  5146 | Bailey   | Entered a bailey
  5169 | Bailey   | Reached skill level 10 in Axes
  5399 | Bailey   | Noticed a gargoyle
  5408 | Bailey   | Killed a gargoyle
  5569 | Bailey   | Identified the +1 long sword of Generosity {drain, Will-
                  | Str+6 Dex+3 Stlth+}
  5573 | Bailey   | Identified the +1 leather armour "Asutemei" {Stlth+}
  5680 | Bailey   | Reached skill level 11 in Axes
  6352 | D:8      | Reached XP level 10. HP: 90/90 MP: 9/9
  6847 | D:9      | Found Eshin's Jewellery Boutique.
  6912 | D:9      | Found a hide-covered altar of Uskayaw.
  6996 | D:9      | Reached skill level 12 in Axes
  7009 | D:9      | Found a staircase to the Lair.
  7189 | D:9      | Found a staircase to the Orcish Mines.
  7248 | D:9      | Found an iron altar of Okawaru.
  7258 | D:9      | Became a worshipper of Warmaster Okawaru
  7273 | D:9      | Found a hazy altar of Hepliaklqana.
  7275 | D:9      | Noticed a two-headed ogre
  7287 | D:9      | Killed a two-headed ogre
  7697 | D:10     | Entered Level 10 of the Dungeon
  7715 | D:10     | Reached * piety under Okawaru
  7735 | D:10     | Reached skill level 13 in Axes
  7735 | D:10     | Reached XP level 11. HP: 97/99 MP: 10/10
  7737 | D:10     | Noticed Urug
  7750 | D:10     | Killed Urug
  7751 | D:10     | Reached skill level 10 in Fighting
  7751 | D:10     | Reached skill level 10 in Armour
  7751 | D:10     | Reached skill level 10 in Shields
  7894 | D:10     | Reached ** piety under Okawaru
  8123 | D:10     | Found a one-way gate to the infinite horrors of the Abyss.
  8123 | D:10     | Noticed relicbr's ghost (journeyman SpDe)
  8298 | D:10     | Found a transporter.
  8299 | D:10     | Found a glowing silver altar of Zin.
  8302 | D:10     | Found a glowing golden altar of the Shining One.
  8314 | D:10     | Found a transporter.
  8319 | D:10     | Noticed a thrashing horror
  8330 | D:10     | Found a sparkling altar of Nemelex Xobeh.
  8685 | D:11     | Noticed a centaur warrior
  8692 | D:11     | Killed a centaur warrior
  8692 | D:11     | Reached *** piety under Okawaru
  9079 | D:11     | Noticed a boulder beetle
  9098 | D:11     | Killed a boulder beetle
  9099 | D:11     | Reached skill level 14 in Axes
  9852 | D:12     | Noticed Fannar
  9873 | D:12     | Killed Fannar
  9873 | D:12     | Reached **** piety under Okawaru
 10489 | D:12     | Noticed Maurice
 10545 | D:12     | Noticed a deep elf pyromancer
 10547 | D:12     | Noticed a deep elf pyromancer
 10553 | D:12     | Killed a deep elf pyromancer
 10554 | D:12     | Reached XP level 12. HP: 108/110 MP: 11/11
 10555 | D:12     | Reached ***** piety under Okawaru
 10590 | D:12     | Reached skill level 15 in Axes
 10602 | D:12     | Killed Maurice
 10711 | D:12     | Found a shimmering blue altar of Sif Muna.
 10771 | D:13     | Noticed a death knight
 10781 | D:13     | Mangled by a death knight

Illustrated notes

Levels and vault maps discovered:
D:1:      noname_arrival_rooms_in_the_neighbourhood, layout_basic,
          serial_co_window_serial, co_window_of_opportunity_a,
          co_window_paths_b, co_window_paths_a, co_window_paths_a,
          co_window_paths_b, co_window_paths_a, co_window_paths_a,
          co_window_broadway_b, co_window_corner_ca, co_window_of_opportunity_c,
          co_window_sun, glass_columns_c, glass_columns_b, glass_columns_a,
          glass_columns_a, glass_columns_a, shapermc_ecumenical_altar_ellora,
          roderic_cross_of_infinity
D:2:      layout_basic, basic_altar
D:3:      kennysheep_goblin_castle, layout_loops_cross
D:4:      layout_basic, nicolae_overflow_squiral, interstate_on_off,
          uniq_blork_the_orc, uniq_pikel
D:5:      layout_cave_pools, serial_rivers, chequers_serial_rivers_small_b,
          chequers_serial_rivers_small_3, chequers_serial_rivers_micro_b,
          chequers_serial_rivers_micro_c, chequers_serial_rivers_micro_e,
          kennysheep_generic_room_15
D:6:      layout_rooms, yredelemnul_altar_generic, temple_green,
          hellmonk_bongcloud_opening, fountainhead, minivault_1,
          nicolae_shop_vocational
D:7:      layout_cave_pods, enter_bailey_3
D:8:      layout_layer_cave
D:9:      layout_small_grid, nicolae_hepliaklqana_hazy_memory,
          kennysheep_okawaru_gauntlet, kennysheep_mini_moat,
          hellmonk_lair_entry_icy, serial_shops, shop
D:10:     layout_loops_ring, nicolae_overflow_hidden_temple,
          gammafunk_ghost_abyssal_escape, minmay_misc_feat_pillars,
          chequers_serial_rivers_micro_b, uniq_urug
D:11:     layout_stronghold
D:12:     layout_roguey, serial_glass, glass_columns_c, glass_columns_c,
          nicolae_sif_muna_little_library, uniq_fannar, uniq_maurice
D:13:     layout_loops_ring, skrybe_vaults_entry_preservation
Temple:   cyrus_circular_temple

Skill      XL: |  1  2  3  4  5  6  7  8  9 10 11 12 |
---------------+-------------------------------------+-----
Axes           | 3 4 6 7 9 11 13 14 15 | 15.0
Fighting       | 4 5 6 7 8 9 11 | 11.4
Armour         | 4 5 6 7 8 9 11 | 11.3
Shields        | 4 5 6 7 8 9 11 | 11.3

Action                     |  1- 3 |  4- 6 |  7- 9 | 10-12 || total
---------------------------+-------+-------+-------+-------++-------
  Melee: War axe           |    87 |    55 |       |       ||   142
         Headbutt          |     8 |     8 |    44 |    83 ||   143
         Hand axe          |       |    13 |   211 |   334 ||   558
    Use: Scroll            |       |       |    14 |       ||    14
 Armour: Scale mail        |    38 |    41 |    22 |       ||   101
         Chain mail        |       |       |    52 |    80 ||   132
  Dodge: Dodged            |    44 |    52 |    70 |    87 ||   253
  Block: Buckler           |    23 |    23 |     8 |       ||    54
         Tower shield      |       |       |   144 |   222 ||   366

Table legend: (Time is in decaauts)
 A = Elapsed time spent in this place.
 B = Non-inter-level travel time spent in this place.
 C = Inter-level travel time spent in this place.
 D = Time resting spent in this place.
 E = Time spent auto-exploring this place.
 F = Levels seen in this place.
 G = Mean time per level.
                   A        B        C        D        E       F      G
               +--------+--------+--------+--------+--------+-----+--------+
         Total |  10818 |  10498 |    320 |    215 |   8336 |  15 |  721.2 |
       Dungeon |  10065 |   9745 |    320 |    215 |   7800 |  13 |  774.2 |
        Temple |    165 |    165 |      0 |      0 |    148 |   1 |  165.0 |
        Bailey |    586 |    586 |      0 |      0 |    388 |   1 |  586.0 |
               +--------+--------+--------+--------+--------+-----+--------+

Top non-repeatable levels by time:
    D:11: 1136 daAuts
    D:10: 979 daAuts
     D:3: 959 daAuts
     D:4: 949 daAuts
     D:1: 934 daAuts
    D:12: 901 daAuts
     D:7: 853 daAuts
     D:9: 850 daAuts
     D:8: 640 daAuts
     D:6: 619 daAuts
     D:2: 617 daAuts
     D:5: 586 daAuts
  Bailey: 586 daAuts
  Temple: 165 daAuts
    D:13: 38 daAuts
